 Dungeon Crawl Stone Soup version 0.27-a0-277-g024f7ef292 (webtiles) character file.

Game seed: 6801937350731386590

1915 marklar909 the Cudgeller (level 8, -1/72 HPs)
             Began as a Palentonga Fighter on Feb 7, 2021.
             Was a Believer of Zin.
             Killed by divine providence
             ... invoked by an orc priest
              (15 damage)
             ... on level 7 of the Dungeon.
             The game lasted 00:23:08 (7271 turns).

marklar909 the Cudgeller (Palentonga Fighter)       Turns: 7271, Time: 00:23:09

Health: -1/72      AC: 20    Str: 21    XL:     8   Next: 95%
Magic:  9/9        EV:  7    Int:  9    God:    Zin [**....]
Gold:   250        SH: 10    Dex: 13    Spells: 7/7 levels left

rFire    . . .     SeeInvis +   a - +0 flail
rCold    . . .     Faith    .   c - +0 kite shield
rNeg     . . .     Spirit   .   b - +0 scale mail
rPois    ∞         Reflect  .   x - +2 hat
rElec    .         Harm     .   (no cloak)
rCorr    .         Rampage  .   (no gloves)
Will     .....                  (no barding)
Stlth    ..........             (no amulet)
HPRegen  0.22/turn              i - +4 ring of protection
MPRegen  0.11/turn              (no ring)

@: vitalised, curled up
A: large, rugged brown scales 3, see invisible, deformed body, roll 1, armoured
tail, reflexive curl
a: Rolling Charge, Renounce Religion, Recite, Vitalisation, Donate Gold


You were on level 7 of the Dungeon.
You worshipped Zin.
Zin was pleased with you.
You visited 1 branch of the dungeon, and saw 7 of its levels.

You collected 277 gold pieces.
You donated 27 gold pieces to Zin.

Inventory:

Hand Weapons
 a - a +0 flail (weapon)
Missiles
 f - 31 poisoned darts
Armour
 b - a +0 scale mail (worn)
 c - a +0 kite shield (worn)
 x - a +2 hat (worn)
 E - a +0 tower shield
Jewellery
 i - a +4 ring of protection (left hand)
 w - an uncursed amulet of faith
 A - a +4 ring of evasion {unknown}
 H - an uncursed ring of magical power {unknown}
Wands
 G - a wand of mindburst (11)
Scrolls
 h - 6 scrolls of identify
 k - 7 scrolls of remove curse
 m - 4 scrolls of teleportation
 o - 3 scrolls of magic mapping
 p - a scroll of noise {unknown}
 q - 2 scrolls of immolation {unknown}
 r - 2 scrolls of blinking {unknown}
 t - 2 scrolls of fog
 u - a scroll of random uselessness {unknown}
 y - 2 scrolls of fear {unknown}
 F - a scroll of amnesia {unknown}
Potions
 d - a potion of might
 e - 3 potions of brilliance
 g - a potion of cancellation {unknown}
 j - 5 potions of curing {unknown}
 l - 3 potions of lignification {unknown}
 n - a potion of haste {unknown}
 s - 2 potions of mutation {unknown}
 v - a potion of flight {unknown}
 z - a potion of attraction {unknown}
 B - a potion of berserk rage {unknown}
 C - 3 potions of invisibility {unknown}
 D - a potion of resistance {unknown}


   Skills:
 * Level 5.1 Fighting
 + Level 7.6 Maces & Flails
 + Level 4.7 Armour
 + Level 2.1 Dodging
 + Level 0.3 Stealth
 + Level 4.5 Shields
 * Level 2.5 Invocations


You had 7 spell levels left.
You didn't know any spells.
Your spell library contained the following spells:

 Spells                   Type           Power        Failure   Level
 Magic Dart               Conj           0%           95%         1
 Blink                    Tloc           N/A          99%         2
 Call Imp                 Summ           0%           99%         2
 Slow                     Hex            0%           99%         2
 Conjure Flame            Conj/Fire      0%           100%        3
 Mephitic Cloud           Conj/Pois/Air  0%           100%        3


Dungeon Overview and Level Annotations

Branches:
Dungeon (7/15)             Temple (0/1) D:6

Altars:
Dithmenos
Trog
Xom
Yredelemnul
Zin
The Shining One

Shops:
D:5 =


Innate Abilities, Weirdness & Mutations

You are completely covered in rugged brown scales. (AC +3, +7% HP)
You have supernaturally acute eyesight. (SInv)
Armour fits poorly on your strangely shaped body.
You can roll at nearby foes to attack.
You have a long armoured tail.
You curl defensively after being hit.


Message History

Beogh smites you!
You hit the jelly.
Your hands burn!
You tail-slap the jelly.
The jelly is moderately wounded.
The jelly hits you. The acid corrodes you!
You are splashed with acid!
* * * LOW HITPOINT WARNING * * *
The jelly jiggles.
The orc priest casts a cantrip, but nothing happens.
You are no longer corroded.
A centaur comes into view. It is wielding a +0 rapier.
The centaur shouts!
The centaur unwields a +0 rapier.
The centaur wields a +0 shortbow.
The centaur shoots an arrow.
You block the arrow.
The centaur shoots an arrow.
The arrow hits you but does no damage.
The orc priest calls down the wrath of Beogh upon you.
Beogh smites you!
* * * LOW HITPOINT WARNING * * *
Items here: ( ) ÷÷.
The orc priest mumbles some strange prayers to Beogh against you.
Beogh smites you!
You die...

#.# #.........'.#
#######.#####§§≈ ###########.#
##..).........≈≈# #....# ##..
##...####.######.# ##.#.## #...
.....c....# #.# #.##.###.#>
##..>####c# #.# #.###.....(
###.#####.# #.# ##.###..##.#
.........Y######.#####.#.##).##.#
###.#####.o.)cJ.@.....###....##.#
#.# #.######.#####.#...<.#... #.#
#.# #.######.......... ..# #.#
#................. ### #.#
########.......### ..# ##.....##
### ##...## #####


You could see an ice beast, a centaur, a jelly and an orc priest.

Vanquished Creatures
  Pikel (D:7)
  An ice beast (D:2)
  A black bear (D:7)
  3 ogres
  A phantom (D:5)
  A centaur (D:6)
  A big kobold (D:7)
  A bullfrog (D:6)
  2 scorpions (D:7)
  A bullfrog zombie (D:7)
  A quasit (D:7)
  A bullfrog skeleton (D:7)
  A hound (D:5)
  An orc priest (D:4)
  A centaur skeleton (D:6)
  3 orc wizards
  An iguana (D:6)
  5 worker ants
  A hound skeleton (D:6)
  8 adders
  A shadow imp (D:5)
  2 white imps
  An ooze (D:4)
  An adder skeleton (D:7)
  5 worms
  6 leopard geckos
  15 orcs
  5 ball pythons
  4 bats
  6 giant cockroaches
  9 goblins
  7 hobgoblins
  14 jackals
  5 kobolds
  3 quokkas
  2 frilled lizards
  6 rats
128 creatures vanquished.

Notes
Turn   | Place    | Note
-------+----------+-------------------------------------------
     0 | D:1      | marklar909 the Palentonga Fighter began the quest for the
                  | Orb.
     0 | D:1      | Reached XP level 1. HP: 20/20 MP: 1/1
    94 | D:1      | Reached XP level 2. HP: 27/27 MP: 2/2
   707 | D:2      | Reached XP level 3. HP: 31/33 MP: 3/3
   766 | D:2      | Found a shadowy altar of Dithmenos.
  1392 | D:2      | Noticed an ice beast
  2133 | D:3      | Reached skill level 3 in Maces & Flails
  2214 | D:3      | Reached XP level 4. HP: 38/40 MP: 4/4
  3411 | D:3      | Reached XP level 5. HP: 45/48 MP: 5/5
  3716 | D:2      | Killed an ice beast
  3717 | D:2      | Reached skill level 4 in Maces & Flails
  3993 | D:3      | Reached XP level 6. HP: 52/54 MP: 6/6
  4166 | D:4      | Reached skill level 1 in Dodging
  4637 | D:5      | Entered Level 5 of the Dungeon
  4749 | D:5      | Found Adaeprie's Jewellery Shop.
  4938 | D:5      | Reached skill level 5 in Maces & Flails
  5213 | D:5      | Gained mutation: You curl defensively after being hit.
                  | [Palentonga growth]
  5213 | D:5      | Reached XP level 7. HP: 56/62 MP: 7/7
  5472 | D:5      | Found a bloodstained altar of Trog.
  5479 | D:5      | Found a glowing silver altar of Zin.
  5480 | D:5      | Found a shimmering altar of Xom.
  5487 | D:5      | Found a basalt altar of Yredelemnul.
  5536 | D:5      | Became a worshipper of Zin the Law-Giver
  5536 | D:5      | Reached * piety under Zin
  5728 | D:5      | Reached skill level 6 in Maces & Flails
  6126 | D:6      | Reached XP level 8. HP: 65/70 MP: 8/8
  6318 | D:6      | Found a glowing golden altar of the Shining One.
  6389 | D:6      | Found a staircase to the Ecumenical Temple.
  6701 | D:7      | Reached ** piety under Zin
  6987 | D:7      | Reached skill level 7 in Maces & Flails
  7016 | D:7      | Reached skill level 1 in Invocations
  7183 | D:7      | Noticed Pikel
  7198 | D:7      | Paralysed by Pikel for 6 turns
  7218 | D:7      | Killed Pikel
  7219 | D:7      | Reached skill level 5 in Fighting
  7271 | D:7      | Killed from afar by an orc priest

Illustrated notes

Levels and vault maps discovered:
D:1:      dpeg_arrival_refuge, layout_rooms
D:2:      layout_loops_ring, nicolae_dithmenos_shadow_blocks
D:3:      layout_basic
D:4:      layout_rooms
D:5:      layout_loops_cross, minitemple, serial_shops, shop_statue,
          minmay_small_thing
D:6:      layout_cave_pools, minmay_temple_entry_ruins,
          nicolae_tso_swordbearing_angel
D:7:      layout_loops_ring, lemuel_coloured_pillars_altar,
          hellmonk_ghost_happy_afterlife, kennysheep_opposing_triangles,
          uniq_pikel

Skill      XL: |  1  2  3  4  5  6  7  8 |
---------------+-------------------------+-----
Maces & Flails | 3 4 5 6 7 |  7.6
Shields        | 3 4 |  4.5
Armour         | 3 4 |  4.7
Dodging        | 1 2 |  2.1
Fighting       | 4 5 |  5.1
Invocations    | 2 |  2.5
Stealth        | |  0.3

Action                   |  1- 3 |  4- 6 |  7- 9 || total
-------------------------+-------+-------+-------++-------
Melee: Flail             |   135 |   193 |   176 ||   504
       Tailslap          |    14 |    35 |    37 ||    86
Invok: Recite            |       |       |     3 ||     3
       Vitalisation      |       |       |     1 ||     1
       Donate Gold       |       |       |     1 ||     1
 Abil: Rolling Charge    |       |     5 |     2 ||     7
  Use: Scroll            |       |     5 |       ||     5
Armor: Scale mail        |    82 |    88 |   139 ||   309
Dodge: Dodged            |    34 |    38 |    43 ||   115
Block: Kite shield       |    72 |    87 |    93 ||   252

Table legend: (Time is in decaauts)
 A = Elapsed time spent in this place.
 B = Non-inter-level travel time spent in this place.
 C = Inter-level travel time spent in this place.
 D = Time resting spent in this place.
 E = Time spent auto-exploring this place.
 F = Levels seen in this place.
 G = Mean time per level.
                   A        B        C        D        E       F      G
               +--------+--------+--------+--------+--------+-----+--------+
         Total |   7464 |   7153 |    311 |   1349 |   4272 |   7 | 1066.3 |
       Dungeon |   7464 |   7153 |    311 |   1349 |   4272 |   7 | 1066.3 |
               +--------+--------+--------+--------+--------+-----+--------+

Top non-repeatable levels by time:
     D:3: 1615 daAuts
     D:2: 1392 daAuts
     D:5: 1133 daAuts
     D:1: 1076 daAuts
     D:6: 799 daAuts
     D:7: 758 daAuts
     D:4: 688 daAuts
